 Dungeon Crawl Stone Soup version 0.17-a0-1504-gb7d9117 (webtiles) character file.

3346 namelastname112 the Carver (level 9, 0/106 HPs)
             Began as a White Draconian Berserker on July 7, 2015.
             Was a High Priest of Trog.
             Slain by a two-headed ogre
             ... wielding a +0 giant club
              (24 damage)
             ... on level 8 of the Dungeon.
             The game lasted 00:18:48 (8095 turns).

namelastname112 the Carver (DrBe)                   Turns: 8095, Time: 00:18:48

Health: 0/106      AC:  8    Str: 26    XL:     9   Next: 72%
Magic:  4/4        EV: 15    Int:  5    God:    Trog [*****.]
Gold:   610        SH:  0    Dex: 13    Spells: 0 memorised, 8 levels left

rFire  . . .     SeeInvis .     A - +4 great sword (antimagic)
rCold  + . .     Clarity  .     (armour unavailable)
rNeg   . . .     SustAt   .     (no shield)
rPois  +         Gourm    .     (helmet restricted)
rElec  .         Spirit   .     (no cloak)
rCorr  .         Warding  .     (no gloves)
rMut   .         Rnd*Tele +     G - +0 pair of boots
MR     .....                    (no amulet)
Stlth  ..........               (no ring)
                                F - ring of invisibility

@: berserking (expiring), slowed, not resistant to hostile enchantments,
extremely unstealthy
A: breathe frost, unfitting armour, horns 1, cold resistance 1, deterioration 1,
dopey 1, frail 1, poison resistance, regeneration 1, teleportitis 1,
cold-blooded, AC +7
a: Breathe Frost, Burn Spellbooks, Berserk, Trog's Hand, Brothers in Arms,
Renounce Religion, Evoke Invisibility


You were on level 8 of the Dungeon.
You worshipped Trog.
Trog was extremely pleased with you.
You were very hungry.

You visited 1 branch of the dungeon, and saw 8 of its levels.
You also visited: Sewer.

You collected 610 gold pieces.

Inventory:

Hand weapons
 a - a +0 falchion
 p - a +1 dagger of venom
 A - a +4 antimagic great sword (weapon)
Armour
 G - a +0 pair of boots (worn)
Jewellery
 F - a ring of invisibility (left hand)
Magical devices
 o - a wand of fireball (5)
 H - a wand of heal wounds (5)
Scrolls
 c - 5 scrolls of remove curse
 d - 2 scrolls of enchant armour
 f - a scroll of enchant weapon {unknown}
 h - a scroll of magic mapping {unknown}
 k - 6 scrolls of identify
 l - 2 scrolls of fog {unknown}
 q - 4 scrolls of teleportation {unknown}
 x - a scroll of noise {unknown}
 y - a scroll of random uselessness {unknown}
 B - a scroll of recharging {unknown}
 C - a scroll of summoning {unknown}
Potions
 e - 6 potions of curing
 g - 3 potions of might
 m - 3 potions of heal wounds
 r - 2 potions of agility
 s - a potion of brilliance
 t - 2 potions of haste
 u - a potion of magic
 v - a potion of flight
 z - a potion of lignification
Books
 i - a book of the Tempests

   Spells                             Type                      Level
   a - Static Discharge               Conjuration/Air              3
   b - Lightning Bolt                 Conjuration/Air              5
   c - Fireball                       Conjuration/Fire             5
   d - Tornado                        Air                          9
   e - Shatter                        Earth                        9
   Trog disapproves of the use of such an item.
 D - a Grand Grimoire

   Spells                             Type                      Level
   a - Monstrous Menagerie            Summoning                    6
   b - Summon Greater Demon           Summoning                    7
   c - Malign Gateway                 Summoning/Translocation      7
   d - Summon Horrible Things         Summoning                    8
   Trog disapproves of the use of such an item.
Comestibles
 b - 5 bread rations
 j - a royal jelly
 n - a beef jerky
 w - 2 fruits
 E - a meat ration


   Skills:
 + Level 7.5 Fighting
 * Level 9.4 Long Blades
 + Level 6.3 Dodging
 + Level 5.8 Evocations


You had 8 spell levels left.
You didn't know any spells.

Dungeon Overview and Level Annotations

Branches:
Dungeon (8/15)             Temple (0/1) D:5
   Lair: D:8-11

Altars:
Ashenzari
Cheibriados
Dithmenos
Elyvilon
Fedhas
Gozag
Makhleb
Nemelex Xobeh
Okawaru
Ru
Zin
The Shining One

Shops:
D:4 }


Innate Abilities, Weirdness & Mutations

You can breathe waves of freezing cold.
You can buffet flying creatures when you breathe cold.
Your icy white scales are hard (AC +7).
Your body does not fit into most forms of armour.
Your flesh is cold resistant.
You are cold-blooded and may be slowed by cold attacks.
You have a pair of small horns on your head.
Your body sometimes deteriorates upon taking damage.
You are dopey. (Int -2)
You are frail (-10% HP).
Your system is resistant to poisons.
Your natural rate of healing is unusually fast.
You are occasionally teleported to nearby monsters.


Message History

You slice the orc!!
You kill the orc!
Trog accepts your kill. The orc misses you.
You barely miss the two-headed ogre.
Your tail-slap misses the two-headed ogre.
The two-headed ogre hits you with a giant club!!
* * * LOW HITPOINT WARNING * * *
The two-headed ogre barely misses you. The orc completely misses you.
Unknown command.
You are too injured to fight recklessly!
You are too injured to fight recklessly!
You are too injured to fight recklessly!
You are too injured to fight recklessly!
Unknown command.
You slash the two-headed ogre! You headbutt the two-headed ogre!
Your tail-slap misses the two-headed ogre.
The two-headed ogre is heavily wounded.
The two-headed ogre hits you with a giant club!!
You die...

..#..## #...# #.#.†#
##..## # #..# #...##
.# #... #.##.####....
...# #..#>†.......
.#### #####.........
# ######....#........
#....#.)O.#........
##'##...@o..#..>....
##≈§≈########.#......
#W≈.§§# .#..####
#≈≈.#§§≈# .###
#≈≈...§§≈≈# .#
#≈≈...#§.§≈≈# #
#≈≈...S§§.§.≈≈#
§≈...≈...≈..§≈§
≈.§.§.....≈..§≈


You could see a two-headed ogre and an orc.

Vanquished Creatures
  Pikel (D:4)
  The ghost of namelastname112 the Slasher, an experienced DrBe of Trog (D:5)
  The ghost of mrath the Fighter, an average HOWn (D:4)
  A hungry ghost (D:8)
  2 slaves (D:4)
  2 ice beasts (D:7)
  4 centaurs
  3 sky beasts
  3 giant frogs
  2 scorpions
  A crimson imp (D:5)
  A lava snake (D:8)
  A centaur zombie (D:7)
  A giant frog zombie (D:5)
  2 jellies (D:6)
  2 orc priests
  3 hounds
  An iguana (D:6)
  2 orc wizards
  5 worker ants
  A quasit (D:7)
  18 gnolls
  Robin (D:4)
  10 adders
  4 river rats (D:2)
  An adder skeleton (D:7)
  A worm (D:2)
  An adder zombie (D:7)
  12 giant geckos
  15 orcs
  5 ball pythons (Sewer)
  13 bats
  A bat skeleton (D:6)
  9 giant cockroaches
  16 hobgoblins
  21 jackals
  9 giant newts
  21 goblins
  18 kobolds
  A quokka (D:3)
  A quokka skeleton (D:6)
  13 rats
  2 plants (Sewer)
233 creatures vanquished.

Vanquished Creatures (others)
  An adder (D:4)
  An orc (D:5)
  A plant (D:2)
3 creatures vanquished.

Grand Total: 236 creatures vanquished

Notes
Turn   | Place    | Note
--------------------------------------------------------------
     0 | D:1      | namelastname112 the Draconian Berserker began the quest for the Orb.
     0 | D:1      | Reached XP level 1. HP: 19/19 MP: 1/1
    63 | D:1      | Found a shattered altar of Ashenzari.
   170 | D:1      | Reached XP level 2. HP: 26/26 MP: 2/2
   706 | D:2      | Reached XP level 3. HP: 25/31 MP: 3/3
   714 | D:2      | Found a shadowy altar of Dithmenos.
  1243 | D:2      | Reached skill level 4 in Long Blades
  1443 | D:2      | Reached XP level 4. HP: 29/40 MP: 4/4
  2026 | D:2      | Acquired Trog's second power
  2252 | D:2      | Found a shattered altar of Ashenzari.
  2254 | D:2      | Found a sacrificial altar of Ru.
  2254 | D:2      | Found a sparkling altar of Nemelex Xobeh.
  2437 | D:3      | Found a glowing golden altar of the Shining One.
  2616 | D:3      | Reached XP level 5. HP: 33/46 MP: 5/5
  3156 | D:4      | Noticed mrath's ghost (average HOWn)
  3185 | D:4      | Killed mrath's ghost
  3185 | D:4      | Reached skill level 5 in Long Blades
  3185 | D:4      | Reached skill level 1 in Evocations
  3185 | D:4      | Reached XP level 6. HP: 33/53 MP: 5/7
  3413 | D:4      | Noticed Robin
  3452 | D:4      | Killed Robin
  3480 | D:4      | Found a snail-covered altar of Cheibriados.
  3526 | D:4      | Found a glowing drain.
  3547 | Sewer    | Entered a sewer
  3812 | Sewer    | Your scales start taking on an icy white colour.
  3812 | Sewer    | Gained mutation: Your flesh is cold resistant. [White Draconian growth]
  3812 | Sewer    | Reached XP level 7. HP: 50/60 MP: 8/8
  3976 | Sewer    | Acquired Trog's third power
  4440 | D:4      | Reached skill level 5 in Fighting
  4440 | D:4      | Reached skill level 6 in Long Blades
  4750 | D:4      | Noticed a slave
  4751 | D:4      | Noticed a slave
  4774 | D:4      | Killed a slave
  4796 | D:4      | Killed a slave
  4814 | D:4      | Noticed a slave
  4815 | D:4      | Noticed Pikel
  4815 | D:4      | Noticed a slave
  4849 | D:4      | Killed Pikel
  4849 | D:4      | Reached skill level 7 in Long Blades
  4849 | D:4      | Reached XP level 8. HP: 66/70 MP: 8/10
  4853 | D:4      | Found a white marble altar of Elyvilon.
  4999 | D:4      | Found a burning altar of Makhleb.
  5001 | D:4      | Found a glowing silver altar of Zin.
  5001 | D:4      | Noticed a green death
  5001 | D:4      | Noticed an angel
  5089 | D:4      | Found Xurooj's Gadget Shoppe.
  5243 | D:5      | Entered Level 5 of the Dungeon
  5267 | D:5      | Noticed namelastname112's ghost (experienced DrBe)
  5286 | D:5      | Killed namelastname112's ghost
  5286 | D:5      | Reached skill level 5 in Dodging
  5505 | D:5      | Found a staircase to the Ecumenical Temple.
  5823 | D:5      | Reached skill level 8 in Long Blades
  5899 | D:5      | Gained mutation: You are frail (-10% HP). [mutagenic meat]
  5901 | D:5      | Gained mutation: You are dopey. (Int -2) [mutagenic meat]
  5902 | D:5      | Gained mutation: You are occasionally teleported to nearby monsters. [mutagenic meat]
  5903 | D:5      | Gained mutation: Your body sometimes deteriorates upon taking damage. [mutagenic meat]
  5904 | D:5      | Gained mutation: You have large cloven feet. [mutagenic meat]
  5931 | D:5      | Gained mutation: Your natural rate of healing is unusually fast. [potion of mutation]
  5931 | D:5      | Lost mutation: You have large cloven feet. [potion of mutation]
  5932 | D:5      | Gained mutation: Your system is resistant to poisons. [potion of mutation]
  5932 | D:5      | Gained mutation: You have a pair of small horns on your head. [potion of mutation]
  6258 | D:6      | Reached XP level 9. HP: 70/70 MP: 12/12
  6595 | D:6      | Reached skill level 5 in Evocations
  6775 | D:6      | Received a gift from Trog
  7391 | D:7      | Reached skill level 9 in Long Blades
  7665 | D:7      | Found an iron altar of Okawaru.
  7673 | D:7      | Found a shadowy altar of Dithmenos.
  7673 | D:7      | Found an opulent altar of Gozag.
  7676 | D:7      | Found a blossoming altar of Fedhas.
  8095 | D:8      | Slain by a two-headed ogre

Vault maps used:
D:1:      moated_graveyard_arrival, nicolae_ashenzari_panopticon
D:2:      wad_woods_stonehenge, grunt_temple_overflow_diamond,
          kennysheep_generic_room_13
D:3:      old_standard_altar, minmay_joined_circles
D:4:      grunt_temple_overflow_order_and_chaos_2, lemuel_round_altar,
          kennysheep_mini_moat, portal_sewer_entry_b, serial_shops, shop_coins,
          st_stairs_13, uniq_pikel, uniq_robin
D:5:      temple_fountains, first_bread
D:7:      minitemple
D:8:      hangedman_little_slice_of_home, kennysheep_diamond
Sewer:    sewer_co_scattered_pipes

Action                   |  1- 3 |  4- 6 |  7- 9 || total
-------------------------+-------+-------+-------++-------
Melee: Falchion          |   114 |    79 |    25 ||   218
       Dagger            |       |   219 |   368 ||   587
       Great sword       |       |       |    94 ||    94
Invok: Berserk           |     1 |     1 |     4 ||     6
 Abil: Breathe Frost     |       |       |     1 ||     1
  Use: Scroll            |       |       |    14 ||    14
       Potion            |       |       |     2 ||     2
 Stab: Sleeping          |       |     2 |     3 ||     5
  Eat: Chunk             |     3 |     6 |    19 ||    28
       Beef jerky        |       |     1 |       ||     1
       Meat ration       |       |       |     1 ||     1
       Fruit             |       |       |     1 ||     1
